 Dungeon Crawl Stone Soup version 0.28-a0-224-g76b539d98b (webtiles) character file.

Game seed: 4120343372493858043

576 gguki the Digger (level 7, -9/36 HPs)
             Began as a Gargoyle Earth Elementalist on Aug 21, 2021.
             Mangled by a wight (12 damage)
             ... on level 4 of the Dungeon.
             The game lasted 00:08:10 (4003 turns).

gguki the Digger (Gargoyle Earth Elementalist)      Turns: 4003, Time: 00:08:11

Health: -9/36      AC:  7    Str: 12    XL:     7   Next: 35%
Magic:  4/13       EV: 11    Int: 17    God:
Gold:   47         SH:  0    Dex: 10    Spells: 11/15 levels left

rFire   . . .      SeeInvis .   e - +1 club (elec)
rCold   . . .      Faith    .   (no shield)
rNeg    + . .      Spirit   .   b - +0 robe
rPois   ∞          Reflect  .   (no helmet)
rElec   +          Harm     .   (no cloak)
rCorr   .          Rampage  .   (no gloves)
Will    .....                   g - +0 pair of boots
Stlth   ++........              (no amulet)
HPRegen 0.12/turn               (no ring)
MPRegen 0.13/turn               (no ring)

@: no status effects
A: sickness immunity, AC +4, negative energy resistance 1, electricity
resistance, torment resistance 1, petrification resistance
a: no special abilities


You were on level 4 of the Dungeon.
You visited 1 branch of the dungeon, and saw 4 of its levels.

You collected 170 gold pieces.
You spent 123 gold pieces at shops.

Inventory:

Hand Weapons
 e - a +1 club of electrocution (weapon)
 j - a +0 flail of protection
Missiles
 c - 71 stones
Armour
 b - a +0 robe (worn)
 g - a +0 pair of boots (worn)
Wands
 i - a wand of charming (11)
Scrolls
 a - 2 scrolls of identify
Potions
 d - a potion of lignification
 h - 2 potions of curing


   Skills:
 - Level 1.5 Dodging
 - Level 2.1 Stealth
 + Level 4.5 Spellcasting
 + Level 4.2 Conjurations
 - Level 0.7 Transmutations
 + Level 6.5 Earth Magic


You had 11 spell levels left.
You knew the following spells:

 Your Spells              Type           Power      Damage    Failure   Level
a - Sandblast             Erth           52%        2d12      1%          1
b - Stone Arrow           Conj/Erth      44%        3d9       4%          3

Your spell library contained the following spells:

 Spells                   Type           Power      Damage    Failure   Level
 Passwall                 Tmut/Erth      13%        N/A       4%          2
 Petrify                  Tmut/Erth      16%        N/A       32%         4


Dungeon Overview and Level Annotations

Branches:
Dungeon (4/15)
 Temple: D:4-7

Altars:

Shops:
D:1 (   D:2 ?


Innate Abilities, Weirdness & Mutations

You are immune to sickness and miasma.
Your stone body is resilient. (AC +4)
You are immune to poison.
You resist negative energy. (rN+)
You are resistant to electric shocks. (rElec)
You are resistant to unholy torment.
You are immune to petrification.


Message History

The wight hits you from afar with a +0 halberd!
The wight hits you with a +3 long sword.
* * * LOW HITPOINT WARNING * * *
Casting: Sandblast (safe; 1% risk of failure)
Confirm with . or Enter, or press ? or * to list all spells.
Aiming: Sandblast (safe; 1% risk of failure)
Press: ? - help, Shift-Dir - straight line, f/p - wight
Aim: a wight, wielding a +3 long sword and wearing a +0 robe (moderately damaged, 81% to hit)
The blast of sand hits the wight.
The wight is heavily damaged.
The wight barely misses you. x2
Casting: Sandblast (safe; 1% risk of failure)
Confirm with . or Enter, or press ? or * to list all spells.
Aiming: Sandblast (safe; 1% risk of failure)
Press: ? - help, Shift-Dir - straight line, f/p - wight
Aim: a wight, wielding a +3 long sword and wearing a +0 robe (heavily damaged, 81% to hit)
The blast of sand hits the wight but does no damage.
The wight is heavily damaged.
The wight hits you from afar with a +0 halberd.
* * * LOW HITPOINT WARNING * * *
The wight misses you.
Casting: Sandblast (safe; 1% risk of failure)
Confirm with . or Enter, or press ? or * to list all spells.
Aiming: Sandblast (safe; 1% risk of failure)
Press: ? - help, Shift-Dir - straight line, f/p - wight
Aim: a wight, wielding a +3 long sword and wearing a +0 robe (heavily damaged, 81% to hit)
The blast of sand hits the wight but does no damage.
The wight is heavily damaged.
The wight barely misses you.
The wight hits you with a +3 long sword.
* * * LOW HITPOINT WARNING * * *
Casting: Sandblast (safe; 1% risk of failure)
Confirm with . or Enter, or press ? or * to list all spells.
Aiming: Sandblast (safe; 1% risk of failure)
Press: ? - help, Shift-Dir - straight line, f/p - wight
Aim: a wight, wielding a +3 long sword and wearing a +0 robe (heavily damaged, 81% to hit)
The blast of sand misses the wight.
The blast of sand hits the wight!
You destroy the wight!
The wight hits you with a +3 long sword!
You die...

........).. .. .........
. . .######....... ##+#
........<..... .....
######....... #.#.##
#####..(.... #.....
#...........
##.....######....#######
.......@z)w.............
#......######.........##
#...... #.........#
#...... #####w......#
##.###. #...........# #
#. #..z.##...$... #.
#....##.......
#........###.......
.......z# #.=.....


You could see a worm and a wight.

Vanquished Creatures
  Grinder (D:3)
  Sigmund (D:3)
  2 wights (D:4)
  An orc priest (D:3)
  Ijyb (D:3)
  Terence (D:2)
  3 adders
  A worm (D:3)
  4 dart slugs
  2 orcs (D:3)
  5 ball pythons
  7 endoplasms
  3 giant cockroaches
  2 goblins
  5 hobgoblins
  6 jackals
  2 quokkas
  8 bats
  A frilled lizard (D:1)
  6 kobolds
  9 rats
71 creatures vanquished.

Vanquished Creatures (others)
  A fungus (D:1)
  3 toadstools (D:1)
4 creatures vanquished.

Grand Total: 75 creatures vanquished

Notes
Turn   | Place    | Note
-------+----------+-------------------------------------------
     0 | D:1      | gguki the Gargoyle Earth Elementalist began the quest for
                  | the Orb.
     0 | D:1      | Reached XP level 1. HP: 10/10 MP: 3/3
   530 | D:1      | Reached skill level 4 in Earth Magic
   530 | D:1      | Reached XP level 2. HP: 15/15 MP: 5/5
   964 | D:1      | Found a faded altar of an unknown god.
  1090 | D:1      | Found Diuh's Antique Weapon Shop.
  1237 | D:1      | Reached XP level 3. HP: 17/19 MP: 6/6
  1241 | D:1      | Learned a level 3 spell: Stone Arrow
  2189 | D:2      | Reached skill level 1 in Conjurations
  2514 | D:2      | Noticed Terence
  2530 | D:2      | Killed Terence
  2531 | D:2      | Reached XP level 4. HP: 14/24 MP: 1/8
  2679 | D:2      | Found Ennit's Magic Scroll Boutique.
  2831 | D:3      | Noticed Sigmund
  2838 | D:3      | Killed Sigmund
  2839 | D:3      | Reached skill level 5 in Earth Magic
  2839 | D:3      | Reached XP level 5. HP: 24/28 MP: 1/10
  2839 | D:3      | Reached XP level 6. HP: 27/32 MP: 1/11
  2956 | D:3      | Noticed Ijyb
  2979 | D:3      | Killed Ijyb
  3231 | D:3      | Noticed Grinder
  3257 | D:3      | Killed Grinder
  3258 | D:3      | Reached skill level 6 in Earth Magic
  3258 | D:3      | Reached XP level 7. HP: 36/36 MP: 4/13
  3872 | D:1      | Bought a glowing flail for 123 gold pieces
  4003 | D:4      | Mangled by a wight

Illustrated notes

Levels and vault maps discovered:
D:1:      sevenhm_arrival_forest_fort_large_2, layout_basic,
          basic_ecumenical_altar, serial_shops, nicolae_shop_crystal,
          minmay_gold_behind_fungi
D:2:      layout_basic, serial_shops, shop, uniq_terence
D:3:      layout_rooms, uniq_ijyb, uniq_grinder, uniq_sigmund
D:4:      layout_basic, amcnicky_altar_gilded, uniq_natasha

Skill      XL: |  1  2  3  4  5  6 |
---------------+-------------------+-----
Earth Magic    | 4 5 6 |  6.5
Conjurations   | 1 2 4 |  4.2
Spellcasting   | 3 4 |  4.5
Dodging        | |  1.5
Stealth        | |  2.1
Transmutations | |  0.7

Action                   |  1- 3 |  4- 6 |  7- 9 || total
-------------------------+-------+-------+-------++-------
Melee: Club              |    96 |    24 |    35 ||   155
       Unarmed           |    11 |       |       ||    11
 Cast: Sandblast         |    20 |    20 |    10 ||    50
       Stone Arrow       |     1 |     3 |       ||     4
  Use: Scroll            |     4 |     1 |     2 ||     7
       Potion            |       |     1 |       ||     1
 Stab: Sleeping          |     5 |     2 |     1 ||     8
       Distracted        |       |     1 |       ||     1
Armor: Robe              |    37 |    11 |    15 ||    63
Dodge: Dodged            |    71 |    15 |    34 ||   120

Table legend: (Time is in decaauts)
 A = Elapsed time spent in this place.
 B = Non-inter-level travel time spent in this place.
 C = Inter-level travel time spent in this place.
 D = Time resting spent in this place.
 E = Time spent auto-exploring this place.
 F = Levels seen in this place.
 G = Mean time per level.
                   A        B        C        D        E       F      G
               +--------+--------+--------+--------+--------+-----+--------+
         Total |   4036 |   3767 |    269 |     33 |   3102 |   4 | 1009.0 |
       Dungeon |   4036 |   3767 |    269 |     33 |   3102 |   4 | 1009.0 |
               +--------+--------+--------+--------+--------+-----+--------+

Top non-repeatable levels by time:
     D:1: 1677 daAuts
     D:2: 1259 daAuts
     D:3: 1063 daAuts
     D:4: 36 daAuts
